 Dungeon Crawl Stone Soup version 0.31-a0-1576-ga3383bade6 (webtiles) character file.

Game seed: 5655612723096638714

296 Flugslaktarn the Apothecary (level 6, -3/36 HPs)
             Began as an Octopode Alchemist on Jan 4, 2024.
             Slain by a centaur (5 damage)
             ... on level 5 of the Dungeon.
             The game lasted 00:02:47 (1025 turns).

Flugslaktarn the Apothecary (Octopode Alchemist)    Turns: 1025, Time: 00:02:48

Health: -3/36      AC:  1    Str: 13    XL:     6   Next: 35%
Magic:  7/11       EV: 18    Int: 17    God:
Gold:   195        SH:  0    Dex: 15    Spells: 3/12 levels left

rFire   . . .        j - +2 hand axe (vamp)
rCold   . . .        (no shield)
rNeg    . . .        (helmet restricted)
rPois   .            (no amulet)
rElec   .            b - +6 ring of strength
rCorr   .            v - +5 ring of evasion
SInv    .            (no ring)
Will    .....        (no ring)
Stlth   +++          (no ring)
HPRegen 0.26/turn    (no ring)
MPRegen 0.12/turn    (no ring)
                     (no ring)

%: no passive effects
@: no status effects
A: almost no armour, amphibious, 8 rings, camouflage 1, gelatinous body 1,
(nimble swimmer 1), tentacles
a: no special abilities


You were on level 5 of the Dungeon.
You visited 1 branch of the dungeon, and saw 5 of its levels.

You collected 195 gold pieces.

Inventory:

Hand Weapons
 d - a +0 whip
   (You took it off a kobold on level 1 of the Dungeon)
 j - a +2 vampiric hand axe (weapon)
   (You took it off an orc on level 4 of the Dungeon)
Jewellery
 b - a +6 ring of strength (left tentacle)
   (You found it on level 1 of the Dungeon)
 v - a +5 ring of evasion (right tentacle)
   (You found it on level 1 of the Dungeon)
Wands
 l - a wand of mindburst (13)
   (You found it on level 4 of the Dungeon)
 r - a wand of paralysis (11)
   (You found it on level 5 of the Dungeon)
 t - a wand of polymorph (10)
   (You found it on level 5 of the Dungeon)
Scrolls
 e - a scroll of vulnerability
 f - a scroll of fear
 g - a scroll of silence
 m - a scroll of brand weapon {unknown}
 n - a scroll of amnesia {unknown}
 o - a scroll of immolation {unknown}
 p - a scroll of teleportation {unknown}
 s - a scroll of poison {unknown}
Potions
 a - a potion of magic
 c - a potion of enlightenment
 h - a potion of ambrosia {unknown}
 i - a potion of resistance {unknown}
 k - a potion of haste {unknown}
 q - a potion of curing
 u - a potion of attraction {unknown}


   Skills:
 - Level 2.0 Dodging
 - Level 2.6 Stealth
 + Level 3.7 Spellcasting
 - Level 1.0 Conjurations
 * Level 6.4 Alchemy


You had 3 spell levels left.
You knew the following spells:

 Your Spells              Type           Power      Damage    Failure   Level
a - Sting                 Conj/Alch      60%        1d6       3%          1
b - Olgreb's Toxic Radia  Alch           25%        N/A       11%         4
c - Sticky Flame          Fire/Alch      14%        2d5       38%         4

Your spell library contained the following spells:

 Spells                   Type           Power      Damage    Failure   Level
 Mercury Vapours          Alch/Air       28%        N/A       6%          2
 Mephitic Cloud           Conj/Alch/Air  11%        N/A       17%         3


Dungeon Overview and Level Annotations

Branches:
Dungeon (5/15)
 Temple: D:4-7

Altars:
Ashenzari
Elyvilon
Nemelex Xobeh
Uskayaw


Innate Abilities, Weirdness & Mutations

You cannot wear most types of armour.
You are amphibious.
You can wear up to eight rings at the same time.
Your skin changes colour to match your surroundings (Stealth+).
Your rubbery body absorbs attacks. (AC +1, EV +1)
((You are camouflaged when in or above water. (Stealth+)))
You have tentacles for arms and can constrict up to eight enemies at once.


Message History

Aim: an orc priest, wielding a +0 short sword (74% to hit)
The sting misses the orc priest.
Casting: Sting (safe; 3% risk of failure)
Confirm with . or Enter, or press ? or * to list all spells.
Aiming: Sting (safe; 3% risk of failure)
Press: ? - help, Shift-Dir - straight line, f/p - orc priest
Aim: an orc priest, wielding a +0 short sword (74% to hit)
The sting hits the orc priest.
The orc priest is poisoned.
The orc priest is lightly wounded.
Casting: Sting (safe; 3% risk of failure)
Confirm with . or Enter, or press ? or * to list all spells.
Aiming: Sting (safe; 3% risk of failure)
Press: ? - help, Shift-Dir - straight line, f/p - orc priest
Aim: an orc priest, wielding a +0 short sword (moderately wounded, poisoned, 74% to hit)
The sting hits the orc priest.
The orc priest looks even sicker.
The orc priest is moderately wounded.
You hit the orc priest. You grab the orc priest. You squeeze the orc priest.
You kill the orc priest!
An orc and a hound come into view.
Found a stone staircase leading down.
You see here a +0 short sword.
You see here a lumpy golden potion.
u - a lumpy golden potion The hound barks!
The hound pauses to sniff the ground.
The orc shouts!
You hear a shout!
Casting: Sting (safe; 3% risk of failure)
Confirm with . or Enter, or press ? or * to list all spells.
Aiming: Sting (safe; 3% risk of failure)
Press: ? - help, Shift-Dir - straight line, f - orc
Aim: an orc, wielding a +0 hand axe and wearing a +0 chain mail (81% to hit)
The sting hits the orc but does no damage.
The orc is poisoned.
The hound bites you but does no damage. The hound attacks as it pursues you!
The hound misses you.
You hit the hound. You grab the hound.
The hound is moderately wounded.
You constrict the hound.
The orc looks more healthy.
The hound closely misses you.
An orc comes into view. It is wielding a +0 dagger.
The hound bites you. The orc completely misses you.
The orc shouts!
You hit the hound.
You feel better.
The hound is severely wounded.
You hit the orc. You constrict the hound. The hound misses you.
The hound completely misses you. The orc hits you with a +0 hand axe.
You barely miss the hound.
You squeeze the hound, but do no damage.
The hound is severely wounded.
You hit the orc but do no damage. You hit the orc.
You feel better.
You constrict the hound. The hound bites you. The orc closely misses you.
The orc barely misses you. The hound closely misses you.
You hit the hound.
You kill the hound!
You barely miss the orc. You hit the orc.
You feel better.
A centaur comes into view.
The orc completely misses you. The orc hits you with a +0 hand axe.
The orc hits you with a +0 dagger. The orc closely misses you.
You barely miss the orc.
The centaur shouts!
Your grab misses the orc.
The orc is severely wounded.
You closely miss the orc.
The centaur wields a +0 orcbow.
The centaur shoots an arrow.
The arrow misses you.
The centaur shoots an arrow.
The arrow hits you. The orc hits you with a +0 hand axe.
The orc hits you with a +0 dagger.
You hit the orc but do no damage. You grab the orc.
The orc is severely wounded.
You hit the orc but do no damage. You hit the orc.
You feel better.
You kill the orc!
You constrict the orc.
You kill the orc!
The orc barely misses you.
You hit the orc.
You feel better.
You kill the orc!
The centaur shoots an arrow.
The arrow barely misses you.
The centaur shoots an arrow.
The arrow misses you.
The centaur shoots an arrow.
The arrow hits you!
You see here a +0 dagger.
The centaur unwields a +0 orcbow.
The centaur completely misses you. The centaur barely misses you.
Casting: Sting (safe; 3% risk of failure)
Confirm with . or Enter, or press ? or * to list all spells.
Aiming: Sting (safe; 3% risk of failure)
Press: ? - help, Shift-Dir - straight line, f - centaur
Aim: a centaur (84% to hit)
The sting hits the centaur.
The centaur is poisoned.
The centaur is lightly wounded.
The centaur closely misses you. The centaur kicks you.
* * * LOW HITPOINT WARNING * * *
You hit the centaur.
The centaur is moderately wounded.
The centaur barely misses you. The centaur misses you. The centaur hits you.
* * * LOW HITPOINT WARNING * * *
The centaur kicks you.
* * * LOW HITPOINT WARNING * * *
You closely miss the centaur.
The centaur is heavily wounded.
The centaur barely misses you. The centaur misses you. The centaur hits you.
You die...

. ..##.................
......>................
... #............###..
...##....#'#.....# #..
........#_#...#..###.
..##<...#+#..........
##.)).....######<..
...#.#..)......# ##..
......c@)...#.## #..
....<....##.#.# ###
......##.# .# # ......
... .. ......#...#..#
#..># ##..# .# ..##
##.. ## ...


You could see a centaur (poisoned).

Vanquished Creatures
  A howler monkey (D:4)
  2 hounds
  An orc priest (D:5)
  4 iguanas
  2 adders (D:2)
  6 orcs
  3 ball pythons
  2 endoplasms
  2 giant cockroaches (D:3)
  4 goblins
  2 hobgoblins
  4 jackals (D:1)
  2 quokkas (D:1)
  6 bats
  2 frilled lizards (D:2)
  4 kobolds
  A rat (D:2)
48 creatures vanquished.

Notes
Turn   | Place    | Note
-------+----------+-------------------------------------------
     0 | D:1      | Flugslaktarn the Octopode Alchemist began the quest for the
                  | Orb.
     0 | D:1      | Reached XP level 1. HP: 11/11 MP: 3/3
    48 | D:1      | Reached XP level 2. HP: 13/17 MP: 0/5
   101 | D:2      | Reached skill level 4 in Alchemy
   138 | D:2      | Reached XP level 3. HP: 21/21 MP: 0/6
   265 | D:3      | Noticed a +0 falchion
   270 | D:3      | Found a hide-covered altar of Uskayaw.
   270 | D:3      | Noticed a +0 short sword
   270 | D:3      | Noticed a +0 dagger
   271 | D:3      | Noticed a +0 dagger
   272 | D:3      | Noticed a +0 spear
   272 | D:3      | Noticed a +0 falchion
   273 | D:3      | Noticed a +0 short sword
   276 | D:3      | Noticed a +0 spear
   390 | D:3      | Found a broken altar of Ashenzari.
   643 | D:4      | Reached XP level 4. HP: 27/27 MP: 4/8
   654 | D:4      | Reached skill level 5 in Alchemy
   698 | D:4      | Found a white marble altar of Elyvilon.
   710 | D:4      | Reached XP level 5. HP: 19/31 MP: 3/9
   749 | D:4      | Learned a level 4 spell: Olgreb's Toxic Radiance
   754 | D:4      | Learned a level 4 spell: Sticky Flame
   937 | D:4      | Reached skill level 6 in Alchemy
   948 | D:5      | Entered Level 5 of the Dungeon
   996 | D:5      | Reached XP level 6. HP: 36/36 MP: 8/11
   997 | D:5      | Found a sparkling altar of Nemelex Xobeh.
  1025 | D:5      | Slain by a centaur

Illustrated notes

Levels and vault maps discovered:
D:1:      dreamdust_arrival_sigmund_warning, layout_rooms, nrook_loot_triangle
D:2:      layout_rooms
D:3:      layout_basic, mainiacjoe_overflow_brackets, nicolae_uskayaw_en_pointe
D:4:      layout_basic, elyvilon_altar_1, serial_shops, nicolae_shop_trees,
          serial_bayou_lake_a
D:5:      layout_rooms, kennysheep_mini_moat, lightli_sewer_entry_pipes,
          kennysheep_generic_room_10

Skill      XL: |  1  2  3  4  5 |
---------------+----------------+-----
Alchemy        | 4 5 6 |  6.4
Spellcasting   | 3 |  3.7
Dodging        | |  2.0
Stealth        | |  2.6
Conjurations   | |  1.0

Action                     |  1- 3 |  4- 6 || total
---------------------------+-------+-------++-------
  Melee: Unarmed           |    15 |       ||    15
         Tentacles         |    11 |     8 ||    19
         Constrict         |    16 |    10 ||    26
         Punch             |     1 |     2 ||     3
         Whip              |    36 |     4 ||    40
         Hand axe          |       |    26 ||    26
   Cast: Sting             |    30 |    21 ||    51
    Use: Potion            |     2 |       ||     2
         Scroll            |       |     3 ||     3
   Stab: Sleeping          |     1 |       ||     1
 Armour: Skin              |    15 |    23 ||    38
  Dodge: Dodged            |    52 |    38 ||    90

Table legend: (Time is in decaauts)
 A = Elapsed time spent in this place.
 B = Non-inter-level travel time spent in this place.
 C = Inter-level travel time spent in this place.
 D = Time resting spent in this place.
 E = Time spent auto-exploring this place.
 F = Levels seen in this place.
 G = Mean time per level.
                   A        B        C        D        E       F      G
               +--------+--------+--------+--------+--------+-----+--------+
         Total |   1034 |    998 |     36 |      0 |    447 |   5 |  206.8 |
       Dungeon |   1034 |    998 |     36 |      0 |    447 |   5 |  206.8 |
               +--------+--------+--------+--------+--------+-----+--------+

Top non-repeatable levels by time:
     D:4: 412 daAuts
     D:3: 335 daAuts
     D:2: 118 daAuts
     D:1: 88 daAuts
     D:5: 80 daAuts
